 Dungeon Crawl Stone Soup version 0.15.0-29-ga8e3430 (webtiles) character file.

41 Kold the Sneak (level 3, -1/17 HPs)
             Began as a Felid Chaos Knight on Sept 12, 2014.
             Was a Plaything of Xom.
             Slain by a worm (8 damage)
             ... on Level 2 of the Dungeon.
             The game lasted 00:03:36 (1561 turns).

Kold the Sneak (Felid Chaos Knight)                 Turns: 1561, Time: 00:03:36

HP  -1/17        AC  1     Str  8      XL: 3   Next: 32%
MP   5/5         EV 18     Int 13      God: Xom
Gold 64          SH  0     Dex 16      Spells:  0 memorised,  2 levels left
Lives: 0, deaths: 0

rFire  . . .     SeeInvis +       - Unarmed
rCold  . . .     Clarity  .     (armour unavailable)
rNeg   . . .     rCorr    .     (shield unavailable)
rPois  .         rRot     .     (helmet unavailable)
rElec  .         Spirit   .     (cloak unavailable)
SustAb .         Warding  .     (gloves unavailable)
rMut   .         Stasis   .     (boots unavailable)
Gourm  .                        (no amulet)
MR     .....                    (no ring)
                                i - ring of teleport control

@: quick, not resistant to hostile enchantments, fairly stealthy
A: paw claws, no armour, no weapons or thrown items, fangs 3, see invisible,
breathe flames 1, carnivore 3, speed 1, shaggy fur 1, slow healing 1, slow
metabolism 1, jump 1
a: Jump Attack, Renounce Religion, Breathe Fire, Evoke Teleport Control


You were on level 2 of the Dungeon.
You worshipped Xom.
You were a toy of Xom.
You were completely stuffed.

You visited 1 branch of the dungeon, and saw 2 of its levels.

You collected 64 gold pieces.

Inventory:

Comestibles
 c - a meat ration
 d - a beef jerky
 k - a royal jelly
 n - a chunk of jackal flesh
 o - a chunk of giant cockroach flesh
Scrolls
 a - a scroll of random uselessness {unknown}
 b - 3 scrolls of identify {unknown}
 e - a scroll of magic mapping {unknown}
 l - a scroll of recharging {unknown}
 m - a scroll of fear {unknown}
Jewellery
 i - a ring of teleport control (left paw)
 j - a +5 ring of dexterity {unknown}
Potions
 f - a potion of resistance {unknown}
 g - 2 potions of agility {unknown}
 h - a potion of invisibility {unknown}


   Skills:
 + Level 3.2 Fighting
 + Level 3.2 Dodging
 - Level 4.1 Stealth
 - Level 3.0 Unarmed Combat


You had 2 spell levels left.
You didn't know any spells.

Dungeon Overview and Level Annotations

Branches:
Dungeon (2/15)

Altars:


Innate Abilities, Weirdness & Mutations

You cannot wear armour.
You are incapable of wielding weapons or throwing items.
Your paws have sharp claws.
You have razor-sharp teeth.
You have supernaturally acute eyesight.
You are carnivorous and can eat meat at any time.
You cover ground quickly.
You are covered in fur (AC +1).
You have a slow metabolism.
You can jump attack at a short distance.
You can breathe flames.
You heal slowly when monsters are visible.


Message History

The giant cockroach misses you.
You scratch the giant cockroach.
You kill the giant cockroach!
No target in view!
No target in view!
You see here a giant cockroach corpse.
You start butchering the giant cockroach corpse.
You continue butchering the corpse. x3
You finish butchering the giant cockroach corpse.
o - a chunk of giant cockroach flesh A worm comes into view.
You pounce on the unaware helpless worm!
You claw the worm!
The worm is moderately wounded.
The worm bites you!
You claw the worm! You bite the worm.
The worm is heavily wounded.
The worm bites you!
You die... "Boring in life, boring in death..."

#...♣P♣♣........#.#
#)#
#........#......#.#
#.#
#.#......##.###.#.#
#.# #.##..##.##.#
#.#.# #.#
#.#...##.##.###.#.#
. #
#.............#.#
#.#.##.##.###.#.
#.........# #.#
#.#.##.#### #@#
####.#.##.# #w#
.......##.# #.#
####.####.# #.#
####.# #.# #.#
.....####.######.#
.........<.......#
##################


You could see a worm.

Vanquished Creatures
  An adder (D:2)
  An ooze (D:2)
  2 giant cockroaches
  2 goblins (D:1)
  5 hobgoblins
  5 jackals (D:2)
  2 kobolds (D:1)
  5 bats
  2 giant newts (D:1)
  9 rats (D:1)
34 creatures vanquished.

Notes
Turn   | Place    | Note
--------------------------------------------------------------
     0 | D:1      | Kold, the Felid Chaos Knight, began the quest for the Orb.
     0 | D:1      | Reached XP level 1. HP: 10/10 MP: 2/2
    20 | D:1      | Reached skill level 1 in Stealth
    45 | D:1      | XOM: divination: magic mapping
    72 | D:1      | XOM: give mutations
    72 | D:1      | Gained mutation: You heal slowly when monsters are visible. [Xom's mischief]
    72 | D:1      | Gained mutation: You can spit poison. [Xom's mischief]
    72 | D:1      | Lost mutation: You can spit poison. [Xom's mischief]
    72 | D:1      | Gained mutation: You can breathe flames. [Xom's mischief]
   356 | D:1      | Reached XP level 2. HP: 14/14 MP: 3/3
   424 | D:1      | XOM is BORED!
   424 | D:1      | XOM: summons 4 hostile shadow creatures
   849 | D:2      | XOM: harmless Summ miscast
  1028 | D:1      | XOM: colour smoke trail
  1096 | D:2      | Reached skill level 4 in Stealth
  1096 | D:2      | Reached XP level 3. HP: 9/17 MP: 5/5
  1235 | D:2      | XOM: mild Necr miscast
  1295 | D:2      | XOM: cast spell 'Spider Form'
  1561 | D:2      | Slain by a worm

Action                   || total
-------------------------++-------
Melee: Unarmed           ||   103
 Abil: Breathe Fire      ||     1
       Jump Attack       ||     1
  Use: Potion            ||     1
 Stab: Sleeping          ||     3
       Distracted        ||     1
  Eat: Chunk             ||     9
